TKirby, chaotic male elven Wizard -------------- #...>........[| ###|.).[........| ----------- # |.!..........| |.........| ### ---------.---- |.........| # ) ########-.........| ------------- ### # # |.........| ------------ |...........| # # ### --.-.------ |....}.....| |...........-#### ## # # # |...}......| ##............| ------.-- ## ## |}...}.}.}.| # ------------- |.....@.| # |...}......-#### |..<..u.| # |}...}.}...| |...f...| # |.....}....| |........################## ------------ --.------ # -.--|--.- # ### |.......| # |.{.....| ##........| --------- TKirby the Thaumaturge Experience level: 7 Strength: 11 Dexterity: 16 Constitution: 14 Intelligence: 20 Wisdom: 11 Charisma: 11 Health: 0(52) Energy: 28(65) Def: 1 Gold: 1403 Moves: 6857 Dungeon seed: _zdmyd6XDgMyh09w Game ID: TKirby_1506515517 Your Inventory: Coins $ - 1403 gold pieces Amulets T - a cursed amulet of restful sleep Weapons a - a blessed +4 quarterstaff (weapon in hands) b - a blessed +0 dwarvish mattock (alternate weapon; not wielded) Armor e - an uncursed +0 cloak of magic resistance (being worn) Comestibles q - 2 uncursed food rations Scrolls k - an uncursed scroll of gold detection u - an uncursed scroll of enchant armor K - an uncursed scroll of teleportation O - an uncursed scroll of earth Spellbooks l - a blessed spellbook of force bolt m - an uncursed spellbook of magic missile Q - a blessed spellbook of identify Potions h - a potion of holy water j - an uncursed potion of oil U - an uncursed potion of sickness V - a blessed potion of confusion Z - a potion of unholy water Rings c - an uncursed +1 ring of gain constitution d - an uncursed ring of slow digestion (on right hand) s - a cursed ring of stealth G - an uncursed ring of levitation Wands A - a wand of speed monster (0:8) N - a wand of magic missile (0:2) P - a wand of secret door detection (0:14) R - a wand of polymorph (0:6) S - a wand of striking (0:5) Tools n - a blessed magic marker (0:48) o - an uncursed wooden harp p - an uncursed blindfold t - an uncursed magic whistle Gems r - an uncursed worthless piece of orange glass y - an uncursed worthless piece of green glass z - an uncursed worthless piece of red glass Spells and supernatural/magical abilities: Name Level Category Fail Memory a - force bolt 1 attack 0% 99% m - magic missile 2 attack 0% 66% n - detect monsters 1 divination 0% 70% I - identify 3 divination 0% 86% W - pray for help -- divine ? -- Your skills at the end: Fighting Skills Weapon Skills quarterstaff [Skilled] Spellcasting Skills attack spells [Basic] divination spells [Basic] enchantment spells [Basic] Final Attributes: You were piously aligned. You were sleep resistant. You were magic-protected. You had infravision. You had slower digestion. You are dead. Vanquished creatures: a ghost a horse a dwarf mummy a lizard a jaguar a raven a snake a human zombie a mountain nymph a rock piercer a fog cloud a yellow light 3 shriekers a violet fungus a gnome lord a kobold mummy 2 straw golems 2 giant ants a little dog 4 floating eyes a kitten a kobold lord a kobold shaman 16 hill orcs a rothe a wererat 3 iguanas 11 killer bees 2 acid blobs a coyote 2 gas spores 2 hobbits a large kobold a hobgoblin a cave spider a brown mold a yellow mold 3 red molds 3 gnome zombies 5 geckos 4 jackals 2 foxes 2 kobolds 3 goblins 7 sewer rats 10 grid bugs 7 lichens 9 newts 129 creatures vanquished. Voluntary challenges: You were vegetarian. You used a wielded weapon 107 times, starting on turn 146. You read items or engraved 19 times, starting on turn 11. You never genocided any monsters. You never polymorphed an object. You never changed form. You used no wishes. You never split a pudding. You never wrote Elbereth's name. You never violated your personal moral code. Dungeon overview: The Dungeons of Doom: levels 1 to 7 Level 1 an altar to Anhur, a sink a long staircase Level 2 some fountains Level 3 an armor shop, a fountain, some sinks Level 4 a long staircase Level 5 an armor shop Level 6 Level 7 <- You were here a fountain History has recorded: On T:1 you entered the Dungeons of Doom to retrieve the Amulet of Yendor! On T:368 you advanced to experience level 2. On T:523 you reached level 2 of The Dungeons of Doom. On T:1018 you advanced to experience level 3. On T:1800 you reached level 3 of The Dungeons of Doom. On T:1914 you advanced to experience level 4. On T:3307 you reached level 4 of The Dungeons of Doom. On T:3449 you advanced to experience level 5. On T:4082 you reached level 5 of The Dungeons of Doom. On T:4820 you advanced to experience level 6. On T:5369 you reached level 6 of The Dungeons of Doom. On T:5775 you advanced to experience level 7. On T:6037 you reached level 7 of The Dungeons of Doom. Score breakdown: Gold: 1403 (10706 points) Experience: 7 levels (13645 points) Exploration: 7 levels ( 14.00%) (10497 points) Discoveries: 28 items ( 10.11%) ( 9538 points) Valuables value: (no points given unless you survive) Artifact value: 0 ( 0 points) Variety of kills: 48 monsters ( 12.60%) (10648 points) Turncount: 6857 turns (-1821 points) Survival: died (score multiplied by 80%) Total score: 42570 Latest messages: WHAMMM!!! You hear some noises. WHAMMM!!! You can see again. Maple bites the raven. The raven bites maple. The raven misses maple. Maple misses the raven. Maple bites the raven. The raven is killed! Maple eats a raven corpse. That door is closed. As you kick the door, it crashes open! You hear the splashing of a naiad. You displace maple. The white unicorn butts! The white unicorn kicks! The white unicorn butts! The white unicorn kicks! The white unicorn butts! The white unicorn kicks! The white unicorn butts! You die... Final status: Goodbye TKirby the Wizard, killed by a white unicorn... You died in The Dungeons of Doom on dungeon level 7 with 42570 points, and 1403 pieces of gold, after 6857 moves. You were level 7 with a maximum of 52 hit points when you died.